 Dungeon Crawl Stone Soup version 0.21.0 (webtiles) character file.

241376 Mgcat the Earth Mage (level 19, -12/119 HPs)
             Began as a Gargoyle Earth Elementalist on Jan 6, 2018.
             Was the Champion of Vehumet.
             Shot with a bolt by a yaktaur captain (14 damage)
             ... on level 1 of the Vaults on Jan 7, 2018.
             The game lasted 04:17:31 (63593 turns).

Mgcat the Earth Mage (Gargoyle Earth Elementalist) Turns: 63593, Time: 04:17:31

Health: -12/119    AC: 32    Str: 13    XL:     19   Next: 81%
Magic:  4/36       EV: 16    Int: 28    God:    Vehumet [******]
Gold:   3245       SH:  7    Dex:  8    Spells: 3/44 levels left

rFire    + + +     SeeInvis +   X - +3 Elemental Staff {rElec rF++ rC++ MR++ AC+5}
rCold    + + +     Gourm    .   y - +3 buckler
rNeg     + . .     Faith    .   Q - +2 leather armour "Nalouc" {MR++ Dex-2}
rPois    ∞         Spirit   .   D - +2 helmet
rElec    +         Reflect  .   z - scarf {rC+ rF+}
rCorr    .         Harm     .   (no gloves)
MR       +++++                  w - +2 pair of boots
Stlth    +.........             (no amulet)
HPRegen  0.29/turn              f - ring of wizardry
MPRegen  0.25/turn              a - ring of see invisible

@: brilliant, about to teleport, flying
A: big wings, negative energy resistance 1, electricity resistance, unbreathing,
petrification resistance, rot immunity, AC +14
}: 1/15 runes: decaying
a: Stop Flying, Renounce Religion


You were on level 1 of the Vaults.
You worshipped Vehumet.
Vehumet was exalted by your worship.
You were near starving.

You visited 8 branches of the dungeon, and saw 34 of its levels.
You also visited: Volcano.

You collected 3501 gold pieces.
You spent 256 gold pieces at shops.

Inventory:

Hand Weapons
 X - the +3 Elemental Staff (weapon) {rElec rF++ rC++ MR++ AC+5}
   (You found it on level 6 of the Lair of Beasts)

   It affects your AC (+5).
   It greatly protects you from fire.
   It greatly protects you from cold.
   It insulates you from electricity.
   It affects your resistance to hostile enchantments.
Missiles
 b - 197 stones (quivered)
Armour
 w - a +2 pair of boots (worn)
 y - a +3 buckler (worn)
 z - a scarf of resistance (worn)
 D - a +2 helmet (worn)
 Q - the +2 leather armour "Nalouc" (worn) {MR++ Dex-2}
   (You found it on level 7 of the Dungeon)

   It affects your dexterity (-2).
   It affects your resistance to hostile enchantments.
Magical Staves
 o - an uncursed staff of conjuration
 x - an uncursed staff of poison
 I - an uncursed staff of air
Jewellery
 a - a ring of see invisible (right hand)
 c - a +2 ring of strength
 f - a ring of wizardry (left hand)
 A - a +3 ring of evasion
Wands
 s - a wand of digging (24)
 C - a wand of random effects (16)
 N - a wand of clouds (1)
 P - a wand of iceblast (16)
 W - a wand of acid (10)
Scrolls
 g - 8 scrolls of identify
 i - 7 scrolls of magic mapping
 r - 3 scrolls of enchant armour
 t - 12 scrolls of teleportation
 F - a scroll of brand weapon
 O - 13 scrolls of remove curse
Potions
 j - 4 potions of heal wounds
 k - 4 potions of cancellation
 n - 8 potions of curing
 q - 5 potions of haste
 G - 5 potions of brilliance
Miscellaneous
 e - a sack of spiders
 K - 2 phantom mirrors
Comestibles
 d - 20 rations


   Skills:
 - Level 13.2 Fighting
 - Level 5.3 Staves
 - Level 8.1 Armour
 - Level 10.6 Dodging
 - Level 2.1 Stealth
 - Level 4.0 Shields
 + Level 13.3 Spellcasting
 + Level 15.2 Conjurations
   Level 0.7 Transmutations
 + Level 13.6 Fire Magic
 + Level 17.0 Earth Magic
 - Level 7.6 Evocations


You had 3 spell levels left.
You knew the following spells:

 Your Spells              Type           Power        Failure   Level  Hunger
a - Sandblast             Erth           ######       0%          1    None
b - Stone Arrow           Conj/Erth      ######       0%          3    None
c - Lee's Rapid Deconstr  Erth           #######...   1%          5    ##.....
d - Conjure Flame         Conj/Fire      #######.     1%          3    None
e - Bolt of Magma         Conj/Fire/Erth #######...   1%          5    ##.....
f - Orb of Destruction    Conj           #######...   1%          7    ######.
g - Lehudib's Crystal Sp  Conj/Erth      #######...   3%          8    #######
h - Fire Storm            Conj/Fire      #######...   50%         9    #######


Dungeon Overview and Level Annotations

Branches:
Dungeon (15/15)            Temple (1/1) D:4            Lair (6/6) D:10
  Swamp (4/4) Lair:2       Spider (2/4) Lair:2        Slime (0/5) Lair:5
    Orc (2/2) D:12            Elf (2/3) Orc:2        Vaults (2/5) D:13
 Depths (0/5) D:15
  Crypt: Vaults:2-3

Altars:
Ashenzari
Cheibriados
Dithmenos
Elyvilon
Fedhas
Gozag
Hepliaklqana
Kikubaaqudgha
Makhleb
Nemelex Xobeh
Okawaru
Qazlal
Ru
Sif Muna
Trog
Uskayaw
Vehumet
Wu Jian
Xom
Yredelemnul
Zin
The Shining One
Beogh

Shops:
D:4 [   D:12 [   Orc:2 (!}%

Portals:
Hell: Lair:6
Pandemonium: Orc:2


Innate Abilities, Weirdness & Mutations

You are resistant to torment.
Your stone body is resilient. (AC +14)
You are immune to poison.
Your large and strong wings let you fly indefinitely.
You resist negative energy. (rN+)
You are resistant to electric shocks. (rElec)
You can survive without breathing.
You are immune to petrification.
You are immune to rotting.


Message History

The bolt hits you!
The bolt shimmers and vanishes!
The yaktaur captain wields an arbalest.
The yaktaur captain shoots a bolt.
The bolt hits you!!
* * * LOW HITPOINT WARNING * * *
The bolt shimmers and vanishes!
The yaktaur captain wields an arbalest.
The yaktaur captain shoots a bolt.
The bolt hits you.
* * * LOW HITPOINT WARNING * * *
The yaktaur captain shoots a bolt.
The bolt hits you but does no damage.
The bolt shimmers and vanishes!
The rakshasa weaves an illusion.
The yaktaur captain shimmers and seems to become two!
The yaktaur captain shoots a bolt.
The bolt hits you!
* * * LOW HITPOINT WARNING * * *
The bolt shimmers and vanishes!
You see here a bolt.
As you read the scroll of teleportation, it crumbles to dust.
You feel strangely unstable.
The yaktaur captain shoots a bolt.
The bolt hits you!
You die...

(##############..##..#...#
(#....#..#..[['...#..###.#
.#...'#..#.)..##..###....#
)#####....#######...#..#.#
.)(...........# ##..#.#..#
.#............# ##......#
.#####....#########'######
.#...'#..#'...#......#
##....#..#....'.@....#
#######'#######...c..#
##.......# #.c.cc.#
##.......# #...c..#
##.......# #..R.>.#
.#.......# #......#
.#.......# #.....(#
.#.......# #......#
.'./.....# #......#


You could see 5 yaktaur captains and a rakshasa.

Vanquished Creatures
  Rupert (Orc:1)
  A deep elf blademaster (Elf:2)
  Frances (D:11)
  2 thorn hunters
  Agnes (D:15)
  Kirke (D:15)
  6 vault wardens
  A deep elf sorcerer (Elf:1)
  2 orc warlords
  Louise (Swamp:4)
  A frost giant (Vaults:1)
  Aizul (Elf:1)
  An emperor scorpion (Spider:1)
  An entropy weaver (Spider:1)
  4 ironheart preservers
  2 deep elf demonologists
  Azrael (D:12)
  A spark wasp (Spider:1)
  Snorg (Lair:5)
  2 deep elf death magi (Elf:1)
  2 fire dragons
  2 deep elf high priests (Elf:1)
  Josephine (D:14)
  7 ogre magi
  2 rakshasas
  Harold (D:12)
  3 vault guards
  3 ice dragons
  2 great orbs of eyes (Vaults:1)
  14 hydras
  Erica (Lair:1)
  2 catoblepae
  4 centaur warriors
  22 dancing weapons
  6 alligators
  A death knight (Vaults:1)
  6 death yaks
  19 two-headed ogres
  6 orc high priests
  2 tengu warriors
  Sonja (D:15)
  11 deep elf knights
  A sixfirhy (Lair:6)
  3 skeletal warriors
  A shadow wraith (Vaults:1)
  A death drake (Swamp:3)
  A spark wasp zombie (D:15)
  2 gelid demonspawn (Orc:2)
  A torturous demonspawn (Orc:2)
  7 deep elf archers
  A shambling mangrove (Swamp:3)
  5 swamp dragons
  3 spectral hydras (Swamp:3)
  8 orc knights
  2 ironbrand convokers
  3 necromancers
  3 phantasmal warriors
  8 wizards
  4 orb spiders
  A harpy (Vaults:1)
  A manticore (D:11)
  33 deep elf magi
  3 cyclopes
  A stone giant zombie (D:15)
  7 orc sorcerers (Orc:2)
  5 oklob plants
  7 wolf spiders
  7 wolf spider zombies (Spider:1)
  19 ugly things
  18 elephants
  5 toenail golems (Volcano)
  4 black mambas
  A rust devil (Orc:2)
  A torpor snail (Spider:1)
  A vault sentinel (Vaults:1)
  Maurice (D:8)
  A smoke demon (Orc:2)
  A gargoyle (D:13)
  3 orange demons
  14 spiny frogs
  9 redback zombies (Spider:1)
  A hellwing (Lair:6)
  25 rime drakes
  7 komodo dragons
  4 freezing wraiths (Swamp:4)
  5 swamp worm zombies (Swamp:3)
  An ice devil (Lair:6)
  2 kobold demonologists (D:13)
  9 yaktaurs (Vaults:1)
  A tengu conjurer (D:12)
  2 red devils (Lair:6)
  A troll (shapeshifter) (Vaults:2)
  A large abomination (Swamp:3)
  A polar bear (Lair:5)
  8 trolls
  7 jumping spiders
  3 tyrant leeches
  10 bog bodies
  3 spectral swamp dragons (Swamp:3)
  11 hornets
  11 blink frogs
  13 slime creatures
  15 dream sheep
  9 tarantella zombies (Spider:1)
  2 alligator zombies (Swamp:3)
  A deep troll zombie (D:15)
  2 air elementals
  15 hippogriffs
  6 spriggans
  2 water elementals (Elf:2)
  6 wyverns
  16 redbacks
  3 shadows
  14 tarantellas
  20 yaks
  3 hogs (D:15)
  A ynoxinul (Orc:2)
  12 basilisks
  4 wraiths
  3 swamp worm simulacra (Swamp:4)
  4 fire elementals
  3 tyrant leech zombies (Swamp:3)
  5 steam dragons (Lair:5)
  Grum (D:9)
  19 vampire mosquitoes
  A chaos spawn (Orc:2)
  A hungry ghost (D:8)
  8 wargs
  12 insubstantial wisps
  5 spiny frog zombies (Swamp:3)
  25 swamp worms
  2 acid dragons (D:14)
  14 water moccasins
  14 hydra simulacra (Swamp:4)
  10 hell hounds
  36 orc warriors
  3 porcupines
  9 swamp drakes
  2 sky beasts
  2 black bears
  2 ice beasts
  A tengu (shapeshifter) (Vaults:1)
  20 ogres
  3 boggarts (Vaults:2)
  An eye of draining (D:13)
  15 wolves
  8 centaurs
  12 crocodiles
  3 big kobolds
  A yaktaur skeleton (D:15)
  11 bullfrogs
  An earth elemental (Elf:1)
  A gnoll sergeant (D:8)
  A wyvern skeleton (D:12)
  2 spriggan zombies (Swamp:3)
  4 scorpions
  2 troll zombies (Swamp:3)
  An elf simulacrum (Vaults:1)
  2 electric eels
  4 crimson imps
  4 centaur zombies
  4 howler monkeys
  2 bullfrog zombies
  6 hounds
  6 jellies
  4 centaur skeletons
  22 orc priests
  Crazy Yiuf (D:7)
  12 orc wizards
  A bullfrog skeleton (D:12)
  2 iguanas
  7 worker ants
  A hound zombie (D:7)
  A worker ant zombie (D:11)
  Robin (D:2)
  18 gnolls
  13 adders
  5 shadow imps
  2 oozes
  4 swamp drake simulacra (Swamp:4)
  A worm (D:2)
  2 adder skeletons
  4 leopard geckos
  72 orcs
  2 giant cockroaches
  17 goblins
  3 hobgoblins (D:2)
  10 jackals
  4 quokkas
  8 bats
  6 frilled lizards
  13 kobolds
  A leopard gecko skeleton (D:4)
  A leopard gecko zombie (D:6)
  5 rats
  2 plants
1145 creatures vanquished.

Vanquished Creatures (others)
  An azure jelly (Swamp:4)
  A human (D:15)
  A steam dragon (Lair:5)
  A bullfrog (D:15)
  A kobold (D:14)
  21 fungi
  16 plants
  6 withered plants (Swamp:3)
48 creatures vanquished.

Grand Total: 1193 creatures vanquished

Notes
Turn   | Place    | Note
-------+----------+-------------------------------------------
     0 | D:1      | Mgcat the Gargoyle Earth Elementalist began the quest for the Orb.
     0 | D:1      | Reached XP level 1. HP: 10/10 MP: 3/3
   257 | D:1      | Reached skill level 4 in Earth Magic
   257 | D:1      | Reached XP level 2. HP: 11/15 MP: 3/5
  1344 | D:2      | Found a blossoming altar of Fedhas.
  1373 | D:2      | Reached XP level 3. HP: 19/19 MP: 2/6
  1378 | D:2      | Learned a level 3 spell: Stone Arrow
  1521 | D:2      | Noticed Robin
  1596 | D:2      | Reached skill level 1 in Conjurations
  1603 | D:2      | Reached XP level 4. HP: 3/24 MP: 1/8
  1610 | D:2      | Killed Robin
  2821 | D:3      | Reached skill level 5 in Earth Magic
  2937 | D:3      | Reached XP level 5. HP: 26/28 MP: 9/9
  3422 | D:4      | Found Namom's Armour Emporium.
  3608 | D:4      | Noticed an ogre
  3624 | D:4      | Killed an ogre
  3624 | D:4      | Reached XP level 6. HP: 26/32 MP: 11/11
  3861 | D:4      | Found a staircase to the Ecumenical Temple.
  3873 | Temple   | Entered the Ecumenical Temple
  3945 | Temple   | Became a worshipper of Vehumet
  4113 | D:4      | Reached skill level 6 in Earth Magic
  4573 | D:4      | Reached XP level 7. HP: 23/36 MP: 6/13
  4854 | D:5      | Entered Level 5 of the Dungeon
  5080 | D:5      | Found an opulent altar of Gozag.
  5258 | D:5      | Got a crystal rapier
  5259 | D:5      | Identified the +5 rapier "Viucheh" {pierce, +Fly rElec rF-} (You found it on level 5 of the Dungeon)
  5731 | D:6      | Found a deep blue altar of Sif Muna.
  5882 | D:6      | Learned a level 5 spell: Lee's Rapid Deconstruction
  5886 | D:6      | Learned a level 3 spell: Conjure Flame
  6152 | D:6      | Reached skill level 1 in Fighting
  6809 | D:7      | Found a basalt altar of Yredelemnul.
  6847 | D:7      | Reached * piety under Vehumet
  6847 | D:7      | Offered knowledge of Magic Dart by Vehumet.
  6962 | D:7      | Reached skill level 1 in Fire Magic
  7044 | D:6      | Reached XP level 8. HP: 37/44 MP: 10/15
  7318 | D:7      | Reached skill level 7 in Earth Magic
  7532 | D:7      | Reached skill level 5 in Spellcasting
  7811 | D:7      | Noticed a spriggan baker
  7815 | D:7      | Killed a spriggan baker
  7815 | D:7      | Reached skill level 5 in Conjurations
  8154 | D:7      | Got a transparent leather armour
  8165 | D:7      | Identified the +2 leather armour "Nalouc" {MR++ Dex-2} (You found it on level 7 of the Dungeon)
  8291 | D:7      | Found a runed door.
  8295 | D:7      | Noticed Crazy Yiuf
  8299 | D:7      | Killed Crazy Yiuf
  8467 | D:8      | Reached skill level 1 in Armour
  8473 | D:8      | Reached XP level 9. HP: 20/51 MP: 2/17
  8801 | D:8      | Reached ** piety under Vehumet
  8888 | D:8      | Offered knowledge of Throw Frost by Vehumet.
  9121 | D:8      | Noticed Maurice
  9202 | D:8      | Killed Maurice
  9202 | D:8      | Reached skill level 8 in Earth Magic
  9530 | D:8      | Found an iron altar of Okawaru.
  9530 | D:8      | Found a basalt altar of Yredelemnul.
  9530 | D:8      | Found a shadowy altar of Dithmenos.
  9587 | D:8      | Found a sacrificial altar of Ru.
  9590 | D:8      | Found an ornate altar of the Wu Jian Council.
  9711 | D:8      | Found a sparkling altar of Nemelex Xobeh.
  9814 | D:9      | Noticed Grum
  9926 | D:9      | Killed Grum
 10411 | D:10     | Entered Level 10 of the Dungeon
 10428 | D:10     | Noticed an oklob plant
 10518 | D:10     | Reached XP level 10. HP: 58/58 MP: 15/19
 10889 | D:10     | Reached skill level 5 in Fighting
 11117 | D:10     | Found a staircase to the Lair.
 11158 | D:11     | Offered knowledge of Static Discharge by Vehumet.
 11717 | D:11     | Noticed a manticore
 11730 | D:11     | Killed a manticore
 11730 | D:11     | Reached skill level 9 in Earth Magic
 11738 | D:11     | Reached *** piety under Vehumet
 12061 | D:11     | Noticed a brown ugly thing
 12062 | D:11     | Noticed a cyan ugly thing
 12073 | D:11     | Killed a brown ugly thing
 12073 | D:11     | Reached skill level 5 in Fire Magic
 12085 | D:11     | Killed a cyan ugly thing
 12775 | D:10     | Killed an oklob plant
 12908 | Lair:1   | Entered Level 1 of the Lair of Beasts
 12923 | Lair:1   | Reached skill level 5 in Dodging
 12923 | Lair:1   | Reached XP level 11. HP: 63/64 MP: 9/21
 13019 | Lair:1   | Reached skill level 5 in Armour
 13371 | Lair:1   | Found a hazy altar of Hepliaklqana.
 13611 | Lair:1   | Noticed Erica
 13618 | Lair:1   | Killed Erica
 14352 | Lair:2   | Reached skill level 10 in Earth Magic
 14662 | Lair:2   | Found a hole to the Spider Nest.
 14877 | Lair:2   | Noticed a six-headed hydra
 14953 | Lair:2   | Killed a six-headed hydra
 15794 | Lair:2   | Found a staircase to the Swamp.
 15974 | D:10     | Reached XP level 12. HP: 16/72 MP: 10/23
 17354 | Lair:2   | Offered knowledge of Force Lance by Vehumet.
 18141 | Lair:3   | Noticed an eight-headed hydra
 18152 | Lair:3   | Killed an eight-headed hydra
 18364 | Lair:3   | Reached skill level 11 in Earth Magic
 19225 | Lair:4   | Found a dark tunnel.
 19263 | Volcano  | Entered a volcano
 19283 | Volcano  | Reached **** piety under Vehumet
 19289 | Volcano  | Reached XP level 13. HP: 67/79 MP: 8/25
 19292 | Volcano  | Offered knowledge of Inner Flame by Vehumet.
 21265 | Lair:5   | Noticed Snorg
 21283 | Lair:4   | Reached skill level 10 in Conjurations
 21416 | Lair:5   | Killed Snorg
 21986 | Lair:5   | Found a staircase to the Slime Pits.
 22551 | Lair:4   | Reached skill level 12 in Earth Magic
 23428 | Lair:5   | Gained mutation: Your large and strong wings let you fly indefinitely. [Gargoyle growth]
 23428 | Lair:5   | Reached XP level 14. HP: 87/87 MP: 27/27
 23437 | Lair:5   | Reached ***** piety under Vehumet
 23447 | Lair:5   | Offered knowledge of Bolt of Magma by Vehumet.
 23465 | Lair:5   | Learned a level 5 spell: Bolt of Magma
 23756 | Lair:5   | Reached skill level 10 in Fighting
 24138 | Lair:5   | Got a fine lead ring
 24837 | Lair:6   | Entered Level 6 of the Lair of Beasts
 25348 | Lair:6   | Reached skill level 1 in Evocations
 26103 | Lair:6   | Found a burning altar of Makhleb.
 26730 | Lair:6   | Reached skill level 10 in Spellcasting
 27174 | Lair:6   | Found a gateway to Hell.
 27182 | Lair:6   | Found the +3 Elemental Staff {rElec rF++ rC++ MR++ AC+5}
 27375 | Lair:1   | Identified the ring "Sigaduh" {Str+4 Int-3 Dex+4 Stlth-} (You found it on level 5 of the Lair of Beasts)
 27465 | D:12     | Noticed Azrael
 27524 | D:12     | Reached skill level 13 in Earth Magic
 27635 | D:12     | Noticed Frances
 28031 | D:12     | Reached XP level 15. HP: 67/93 MP: 20/29
 28119 | D:12     | Killed Azrael
 28377 | D:12     | Noticed Harold
 28412 | D:12     | Killed Harold
 28670 | D:12     | Found a staircase to the Orcish Mines.
 28710 | D:12     | Found Jaror's Armour Boutique.
 28984 | Orc:1    | Entered Level 1 of the Orcish Mines
 29374 | Orc:2    | Entered Level 2 of the Orcish Mines
 30082 | Orc:2    | Noticed an orc warlord
 30127 | Orc:2    | Noticed Rupert
 30168 | Orc:2    | Noticed an orc warlord
 30203 | Orc:1    | Killed Rupert
 30203 | Orc:1    | Reached skill level 10 in Fire Magic
 30948 | Orc:1    | Killed an orc warlord
 31371 | Orc:2    | Offered knowledge of Irradiate by Vehumet.
 31570 | Orc:2    | Found a roughly hewn altar of Beogh.
 31934 | Orc:2    | Killed an orc warlord
 32301 | Orc:2    | Found a staircase to the Elven Halls.
 32846 | Orc:2    | Found Kunia's Distillery.
 32848 | Orc:2    | Found Fyrid's Food Boutique.
 34173 | Orc:2    | Bought a potion of magic for 128 gold pieces
 34173 | Orc:2    | Bought a potion of magic for 128 gold pieces
 34706 | Orc:2    | Found Ziapniv's Gadget Shoppe.
 34706 | Orc:2    | Found Egoriump's Antique Weapon Emporium.
 34706 | Orc:2    | Found a one-way gate leading to the halls of Pandemonium.
 35029 | D:11     | Killed Frances
 36128 | Swamp:1  | Entered Level 1 of the Swamp
 36128 | Swamp:1  | Noticed a thorn hunter
 36136 | Swamp:1  | Killed a thorn hunter
 36262 | Lair:2   | Reached XP level 16. HP: 97/100 MP: 26/30
 36724 | Swamp:1  | Reached skill level 5 in Evocations
 37242 | Swamp:1  | Reached skill level 14 in Earth Magic
 37574 | Swamp:1  | Offered knowledge of Bolt of Fire by Vehumet.
 38153 | Swamp:2  | You are sucked into a shaft!
 40158 | Swamp:3  | Offered knowledge of Ozocubu's Refrigeration by Vehumet.
 41668 | Spider:1 | Entered Level 1 of the Spider Nest
 43501 | Spider:1 | HP: 5/101 [entropy weaver (9)]
 43515 | Spider:1 | HP: 3/101 [tarantella (11)]
 43979 | D:13     | Found a gate to the Vaults.
 43988 | D:13     | Reached XP level 17. HP: 106/106 MP: 18/32
 44408 | D:13     | Reached skill level 10 in Dodging
 45359 | D:13     | Offered knowledge of Bolt of Cold by Vehumet.
 45665 | D:14     | Noticed Josephine
 45668 | D:14     | Killed Josephine
 47243 | D:15     | Entered Level 15 of the Dungeon
 47414 | D:15     | Noticed Kirke
 47424 | D:15     | Killed Kirke
 47555 | D:15     | Found a staircase to the Depths.
 47635 | D:15     | Noticed Agnes
 47648 | D:15     | Killed Agnes
 47799 | D:15     | Offered knowledge of Orb of Destruction by Vehumet.
 47808 | D:15     | Learned a level 7 spell: Orb of Destruction
 48075 | D:15     | Reached skill level 15 in Earth Magic
 48109 | D:15     | Noticed Sonja
 48111 | D:15     | Killed Sonja
 48979 | D:15     | Found a shadowy altar of Dithmenos.
 49538 | Lair:1   | Identified a scroll of acquirement
 49575 | Lair:1   | Learned a level 8 spell: Lehudib's Crystal Spear
 50765 | Spider:1 | HP: 3/108 [emperor scorpion (5)]
 50767 | Spider:1 | Reached skill level 1 in Staves
 51358 | Swamp:4  | Entered Level 4 of the Swamp
 51622 | Swamp:4  | Offered knowledge of Spellforged Servitor by Vehumet.
 52194 | Swamp:4  | Reached XP level 18. HP: 107/114 MP: 9/33
 52404 | Swamp:4  | Noticed Louise
 53015 | Swamp:4  | Killed Louise
 54080 | Swamp:4  | Got a decaying rune of Zot
 54362 | Elf:1    | Entered Level 1 of the Elven Halls
 54373 | Elf:1    | Learned a level 9 spell: Fire Storm
 54740 | Elf:1    | Noticed Aizul
 54758 | Elf:1    | Killed Aizul
 57118 | Elf:2    | Found a runed gate.
 57118 | Elf:2    | Found a runed gate.
 57120 | Elf:2    | Found a runed gate.
 57373 | Elf:2    | Reached ****** piety under Vehumet
 57373 | Elf:2    | Reached skill level 16 in Earth Magic
 57376 | Elf:2    | Noticed a deep elf blademaster
 57583 | Elf:2    | Killed a deep elf blademaster
 57733 | Elf:2    | Reached skill level 5 in Staves
 58309 | Elf:2    | Reached XP level 19. HP: 113/119 MP: 19/35
 58961 | Vaults:1 | Entered Level 1 of the Vaults
 58975 | D:13     | Reached skill level 1 in Shields
 60259 | Vaults:1 | Offered knowledge of Shatter by Vehumet.
 60259 | Vaults:1 | Offered knowledge of Tornado by Vehumet.
 60259 | Vaults:1 | Offered knowledge of Ignition by Vehumet.
 61581 | Vaults:1 | Reached skill level 15 in Conjurations
 63570 | Vaults:2 | Reached skill level 17 in Earth Magic
 63592 | Vaults:1 | HP: 2/119 [yaktaur captain/bolt (13)]
 63593 | Vaults:1 | Shot with a bolt by a yaktaur captain

Skill      XL: |  1  2  3  4  5  6  7  8  9 10 11 12 13 14 15 16 17 18 19 |
---------------+----------------------------------------------------------+-----
Earth Magic    | 4 5 6 7 8 9 10 11 12 13 14 15 16 17 | 17.0
Conjurations   | 1 2 3 4 5 6 7 8 9 10 11 12 13 14 15 | 15.2
Spellcasting   | 3 4 5 6 7 8 9 10 11 12 13 | 13.3
Fighting       | 1 3 4 6 7 8 9 10 11 12 13 | 13.2
Dodging        | 2 3 4 5 6 7 8 9 10 | 10.6
Fire Magic     | 1 2 4 5 6 7 8 9 10 11 12 13 | 13.6
Armour         | 1 3 4 6 7 8 |  8.1
Evocations     | 2 4 6 7 |  7.6
Staves         | 1 5 |  5.3
Shields        | 4 |  4.0
Stealth        | |  2.1
Transmutations | |  0.7

Action                   |  1- 3 |  4- 6 |  7- 9 | 10-12 | 13-15 | 16-18 | 19-21 || total
-------------------------+-------+-------+-------+-------+-------+-------+-------++-------
Melee: Unarmed           |    17 |       |       |       |       |       |       ||    17
       Dagger            |    63 |       |       |       |       |       |       ||    63
       Long sword        |    29 |    13 |       |       |       |       |       ||    42
       Mace              |       |   196 |    92 |       |       |       |       ||   288
       Quarterstaff      |       |       |    54 |    25 |       |       |       ||    79
       Halberd           |       |       |       |   110 |     1 |       |       ||   111
       Demon whip        |       |       |       |       |     5 |       |       ||     5
       Staff             |       |       |       |       |   125 |   337 |    62 ||   524
 Cast: Sandblast         |    10 |    21 |    50 |    75 |   309 |   326 |    53 ||   844
       Stone Arrow       |       |       |    74 |   246 |   479 |   570 |    88 ||  1457
       Lee's Rapid Decon |       |       |       |    13 |    39 |   116 |   108 ||   276
       Conjure Flame     |       |       |       |     4 |     2 |     1 |       ||     7
       Bolt of Magma     |       |       |       |       |    66 |   154 |    22 ||   242
       Orb of Destructio |       |       |       |       |       |    19 |       ||    19
       Lehudib's Crystal |       |       |       |       |       |       |     8 ||     8
 Abil: Fly               |       |       |       |       |     1 |       |       ||     1
Evoke: Wand              |       |       |       |     7 |     6 |     3 |       ||    16
  Use: Scroll            |       |     3 |     1 |    15 |    17 |    11 |     7 ||    54
       Potion            |       |       |       |       |     2 |     2 |     2 ||     6
 Stab: Sleeping          |     1 |     2 |     4 |       |       |       |       ||     7
       Confused          |       |       |     1 |       |       |       |       ||     1
       Distracted        |       |       |       |     1 |       |       |       ||     1
       Paralysed         |       |       |       |     1 |       |       |       ||     1
  Eat: Chunk             |     2 |     6 |    19 |    23 |    45 |    48 |    14 ||   157
       Ration            |       |     1 |     2 |     4 |     8 |    18 |     6 ||    39
Armor: Robe              |    50 |   116 |    63 |       |     6 |       |       ||   235
       Leather armour    |       |       |    60 |   152 |   399 |   642 |   104 ||  1357
Dodge: Dodged            |    89 |   200 |   116 |   223 |   527 |   694 |   139 ||  1988
Block: Buckler           |       |       |       |       |       |       |    80 ||    80
       Rpst.: Long sword |    11 |     1 |       |       |       |       |       ||    12
